 Dungeon Crawl Stone Soup version 0.18-a0-902-g8738618 (webtiles) character file.

147 Jmtri7 the Charlatan (level 5, -1/37 HPs)
             Began as a Formicid Artificer on Dec 24, 2015.
             Slain by a crimson imp (4 damage)
             ... on level 15 of the Dungeon.
             The game lasted 00:05:18 (560 turns).

Jmtri7 the Charlatan (Formicid Artificer)            Turns: 560, Time: 00:05:18

Health: -1/37      AC:  2    Str: 16    XL:     5   Next: 55%
Magic:  9/9        EV: 12    Int: 12    God:
Gold:   45         SH:  0    Dex: 11    Spells: 0 memorised, 4 levels left

rFire  . . .     SeeInvis +     h - +0 long sword
rCold  . . .     Gourm    .     g - +0 robe
rNeg   . . .     Faith    .     (no shield)
rPois  .         Spirit   .     (helmet unavailable)
rElec  .         Dismiss  .     (no cloak)
rCorr  .         Reflect  .     (no gloves)
SustAt .         Harm     .     (no boots)
MR     .....                    (no amulet)
Stlth  ++........               (no ring)
                                (no ring)

@: not resistant to hostile enchantments, unstealthy
A: permanent stasis, dig shafts and tunnels, four strong arms, antennae 3
a: Dig, Shaft Self


You were on level 15 of the Dungeon.
You were very hungry.

You visited 1 branch of the dungeon, and saw 8 of its levels.

You collected 45 gold pieces.

Inventory:

Hand Weapons
 h - a +0 long sword (weapon)
Armour
 g - a +0 robe (worn)
Wands
 c - a wand of flame (4/48)
 d - a wand of enslavement (8/24)
 e - a wand of random effects (15/48)
Comestibles
 b - a beef jerky
 f - a bread ration


   Skills:
 - Level 1.1 Fighting
   Level 1.0 Short Blades
 - Level 1.7 Dodging
 - Level 1.2 Stealth
 + Level 6.4 Evocations


You had 4 spell levels left.
You didn't know any spells.

Dungeon Overview and Level Annotations

Branches:
Dungeon (12/15)
 Temple: D:4-7         Lair: D:8-11         Orc: D:9-12

Altars:


Innate Abilities, Weirdness & Mutations

You are under a permanent stasis effect.
You can dig through walls and to a lower floor.
Your four strong arms can wield two-handed weapons with a shield.
You have a pair of large antennae on your head (SInv).


Message History

This wand has 7 charges left.
The crimson imp hits you.
* * * LOW HITPOINT WARNING * * *
Unknown command.
Zapping:
c - a wand of flame (7/48)
Press: ? - help, Shift-Dir - straight line, f/p - crimson imp
Aim: a crimson imp The puff of flame hits the crimson imp.
The crimson imp completely resists.
This wand has 6 charges left.
The crimson imp hits you but does no damage.
Zapping:
c - a wand of flame (6/48)
Press: ? - help, Shift-Dir - straight line, f/p - crimson imp
Aim: a crimson imp The puff of flame hits the crimson imp.
The crimson imp completely resists.
This wand has 5 charges left.
The crimson imp barely misses you.
Zapping:
c - a wand of flame (5/48)
Press: ? - help, Shift-Dir - straight line, f/p - crimson imp
Aim: a crimson imp The puff of flame hits the crimson imp.
The crimson imp completely resists.
This wand has 4 charges left.
The crimson imp hits you.
You die...

###....!#...#..###
#.....#...#..#
#.....#...#..#
###....#.#...#
#.....#....#
#....#.#...#
#...#...#..#
#...#.5.#..#
#....@.#####
########


You could see a crimson imp.

Vanquished Creatures
  A quokka (D:12)
  A kobold (D:1)
2 creatures vanquished.

Vanquished Creatures (collateral kills)
  6 killer bees (D:9)
6 creatures vanquished.

Vanquished Creatures (others)
  A wizard (D:9)
1 creature vanquished.

Grand Total: 9 creatures vanquished

Notes
Turn   | Place    | Note
--------------------------------------------------------------
     0 | D:1      | Jmtri7 the Formicid Artificer began the quest for the Orb.
     0 | D:1      | Reached XP level 1. HP: 15/15 MP: 3/3
    45 | D:1      | You fall through a shaft!
    48 | D:2      | You fall through a shaft!
    51 | D:3      | You fall through a shaft for 3 floors!
    54 | D:6      | You fall through a shaft!
   134 | D:6      | You fall through a shaft for 3 floors!
   134 | D:9      | Noticed a centaur
   136 | D:9      | Noticed a wizard
   139 | D:9      | Noticed a killer bee
   140 | D:9      | Noticed a killer bee
   141 | D:9      | Noticed a killer bee
   142 | D:9      | Noticed a killer bee
   143 | D:9      | Noticed a killer bee
   144 | D:9      | Noticed a killer bee
   149 | D:9      | Killed a killer bee
   149 | D:9      | Reached skill level 4 in Evocations
   149 | D:9      | Reached XP level 2. HP: 21/21 MP: 5/5
   149 | D:9      | Reached XP level 3. HP: 26/26 MP: 6/6
   149 | D:9      | Killed a killer bee
   153 | D:9      | Killed a killer bee
   153 | D:9      | Reached skill level 5 in Evocations
   153 | D:9      | Reached XP level 4. HP: 32/32 MP: 6/8
   155 | D:9      | Reached skill level 6 in Evocations
   155 | D:9      | Reached XP level 5. HP: 37/37 MP: 6/9
   180 | D:9      | HP: 1/37 [centaur/arrow (11)]
   188 | D:9      | You fall through a shaft for 3 floors!
   501 | D:12     | Noticed a slime creature
   501 | D:12     | Noticed a slime creature
   507 | D:12     | You fall through a shaft for 3 floors!
   507 | D:15     | Entered Level 15 of the Dungeon
   507 | D:15     | Noticed a centaur warrior
   507 | D:15     | Noticed a basilisk
   519 | D:15     | Noticed a griffon
   560 | D:15     | Slain by a crimson imp

Vault maps used:
D:1:      dpeg_arrival_ternary
D:2:      lemuel_coloured_pillars_altar, minmay_misc_feat_square,
          minmay_misc_feat_five
D:3:      nicolae_ru_the_path_less_chosen
D:6:      grunt_temple_overflow_holy_war, lemuel_doored_altar,
          minmay_temple_entry_junction
D:9:      lemuel_mausoleum_altar_yredelemnul
D:12:     orc_0_dummy
D:15:     hangedman_depths_entry_civil_slaughter, nicolae_twisting_strands,
          lab_entry_generic, stair_cage_open, trog_wizard

Action                   |  1- 3 |  4- 6 || total
-------------------------+-------+-------++-------
Melee: Short sword       |     3 |     3 ||     6
       Long sword        |       |     2 ||     2
 Abil: Shaft Self        |     5 |     2 ||     7
Evoke: Wand              |     3 |    15 ||    18
